 Dungeon Crawl Stone Soup version 0.29-a0-352-g0917bc69df (webtiles) character file.

Game seed: 10648264319273729255

102 siradein the Shield-Bearer (level 4, 0/41 HPs)
             Began as a Minotaur Fighter on Apr 25, 2022.
             Hit by a goblin thrown by Robin (1 damage)
             ... on level 2 of the Dungeon.
             The game lasted 00:03:38 (1654 turns).

siradein the Shield-Bearer (Minotaur Fighter)       Turns: 1654, Time: 00:03:39

Health: 0/41       AC:  0    Str: 22    XL:     4   Next: 50%
Magic:  3/3        EV: 17    Int:  5    God:
Gold:   126        SH:  0    Dex: 15    Spells: 3/3 levels left

rFire   . . .      SeeInvis .   (weapon currently unavailable)
rCold   . . .      Faith    .   (shield currently unavailable)
rNeg    . . .      Spirit   .   (body armour currently unavailable)
rPois   .          Reflect  .   (helmet currently unavailable)
rElec   .          Harm     .   (cloak currently unavailable)
rCorr   .          Rampage  .   (gloves currently unavailable)
Will    .....                   (boots currently unavailable)
Stlth   +.........              (no amulet)
HPRegen 0.13/turn               (ring currently unavailable)
MPRegen 0.08/turn               (ring currently unavailable)

@: mighty, bat-form, flying, very quick
A: fast, flying, no casting, tiny, (horns 2), (retaliatory headbutt)
a: no special abilities


You were on level 2 of the Dungeon.
You were a bat.
You visited 1 branch of the dungeon, and saw 2 of its levels.

You collected 126 gold pieces.

Inventory:

Hand Weapons
 a - a +0 war axe (melded)
Armour
 b - a +0 scale mail (melded)
 c - a +0 buckler (melded)
 f - a +0 cloak (melded)
Jewellery
 j - a ring of positive energy
Potions
 g - a potion of curing
 h - a potion of brilliance
 i - a potion of cancellation {unknown}


   Skills:
 + Level 4.5 Fighting
 + Level 3.5 Axes
 + Level 4.4 Armour
 + Level 4.5 Shields


You had 3 spell levels left.
You didn't know any spells.
Your spell library contained the following spells:

 Spells                   Type           Power      Damage    Failure   Level
 Animate Skeleton         Necr           0%         N/A       47%         1
 Pain                     Necr           0%         1d4       47%         1
 Slow                     Hex            0%         N/A       47%         1
 Summon Small Mammal      Summ           0%         N/A       47%         1
 Call Canine Familiar     Summ           0%         N/A       85%         3
 Confusing Touch          Hex            0%         N/A       85%         3
 Summon Guardian Golem    Hex/Summ       0%         N/A       85%         3
 Vampiric Draining        Necr           0%         2d6       85%         3


Dungeon Overview and Level Annotations

Branches:
Dungeon (2/15)

Altars:

Shops:
D:1 ?

Annotations:
D:2 Robin


Innate Abilities, Weirdness & Mutations

You are a bat.
You are tiny and dextrous.
You move quickly.
You are flying.
Your equipment is almost entirely melded.
You are incapable of wielding weapons or throwing items.
You cannot cast spells.
((You have a pair of horns on your head.))
((You reflexively headbutt those who attack you in melee.))


Message History

The hobgoblin misses you. The goblin misses you.
You hit the goblin.
You kill the goblin!
The goblin no longer looks unusually strong.
Robin throws the goblin at you! The goblin hits you with a +0 club!
The hobgoblin misses you.
You are too injured to fight recklessly!
You are too injured to fight recklessly!
You are too injured to fight recklessly!
Unknown command.
As you read the scroll labelled SIS NOMIYDEPH, it crumbles to dust.
It is a scroll of identify.
g - a potion of curing Robin closely misses you.
The goblin closely misses you. The hobgoblin barely misses you.
As you read the scroll of identify, it crumbles to dust.
h - a potion of brilliance Robin hits you from afar with a +0 spear!
* * * LOW HITPOINT WARNING * * *
The goblin barely misses you. The hobgoblin hits you.
* * * LOW HITPOINT WARNING * * *
You feel very mighty all of a sudden.
The hobgoblin no longer looks unusually strong.
Robin barely misses you. The goblin misses you.
The hobgoblin barely misses you.
You hit the goblin.
You kill the goblin!
Robin barely misses you. The hobgoblin hits you.
* * * LOW HITPOINT WARNING * * *
Items here: $ ))) ††.
The goblin no longer looks unusually strong.
The hobgoblin no longer looks unusually strong.
Robin throws the goblin at you!
* * * LOW HITPOINT WARNING * * *
The goblin closely misses you.
You closely miss the goblin. The goblin misses you.
You bite the goblin!
You kill the goblin!
Robin throws the goblin at you!
You die...

#.### ### ## ..# #.( #.# #...
###.# ..... g..# ######+###
.!...g###g#########........#####
....>.g.)g.gg..bg.'........'....
......########..###........#####
..... ##.###........# ....
#..##........# ...
##.##........# .. #.##........#
## . #..#[.......# #<
##########.###+#########.
#............#.# #...


You could see Robin, 3 hobgoblins and a goblin.

Vanquished Creatures
  2 adders (D:2)
  3 gnolls (D:2)
  A dart slug (D:1)
  6 endoplasms
  2 giant cockroaches (D:1)
  9 goblins
  7 hobgoblins
  4 jackals
  2 quokkas
  4 ball pythons
  4 bats (D:1)
  2 frilled lizards
  A kobold (D:2)
  2 rats (D:2)
49 creatures vanquished.

Notes
Turn   | Place    | Note
-------+----------+-------------------------------------------
     0 | D:1      | siradein the Minotaur Fighter began the quest for the Orb.
     0 | D:1      | Reached XP level 1. HP: 19/19 MP: 0/0
    71 | D:1      | Found Alofryl's Magic Scroll Emporium.
   141 | D:1      | Reached XP level 2. HP: 27/27 MP: 1/1
   787 | D:1      | Found a faded altar of an unknown god.
   907 | D:1      | Reached XP level 3. HP: 33/33 MP: 2/2
  1122 | D:2      | Reached XP level 4. HP: 15/41 MP: 3/3
  1630 | D:2      | Noticed Robin
  1652 | D:2      | HP: 1/41 [Robin/goblin (3)]
  1654 | D:2      | Hit by a goblin thrown by Robin

Illustrated notes

Levels and vault maps discovered:
D:1:      heliophobic_arrival_ceremonial_halls, layout_loops_ring, serial_shops,
          shop, hellmonk_ecumenical_altar_zigzags, fountainhead
D:2:      layout_basic, uniq_robin

Skill      XL: |  1  2  3 |
---------------+----------+-----
Shields        | 4 |  4.5
Fighting       | 4 |  4.5
Armour         | 4 |  4.4
Axes           | 3 |  3.5

Action                   |  1- 3 |  4- 6 || total
-------------------------+-------+-------++-------
Melee: War axe           |    58 |    24 ||    82
       Headbutt          |     3 |     2 ||     5
       Unarmed           |       |     5 ||     5
  Use: Scroll            |       |     2 ||     2
       Potion            |       |     1 ||     1
 Stab: Distracted        |       |     1 ||     1
Armor: Scale mail        |    38 |    12 ||    50
Dodge: Dodged            |    26 |    26 ||    52
Block: Buckler           |    13 |     5 ||    18

Table legend: (Time is in decaauts)
 A = Elapsed time spent in this place.
 B = Non-inter-level travel time spent in this place.
 C = Inter-level travel time spent in this place.
 D = Time resting spent in this place.
 E = Time spent auto-exploring this place.
 F = Levels seen in this place.
 G = Mean time per level.
                   A        B        C        D        E       F      G
               +--------+--------+--------+--------+--------+-----+--------+
         Total |   1685 |   1657 |     28 |    323 |   1067 |   2 |  842.5 |
       Dungeon |   1685 |   1657 |     28 |    323 |   1067 |   2 |  842.5 |
               +--------+--------+--------+--------+--------+-----+--------+

Top non-repeatable levels by time:
     D:1: 1128 daAuts
     D:2: 556 daAuts
